 Dungeon Crawl Stone Soup version 0.24-a0-358-g53aee78b01 (webtiles) character file.

Game seed: 5234682823720488634

173 TheOvate the Digger (level 5, 0/28 HPs)
             Began as a Gargoyle Earth Elementalist on May 25, 2019.
             Slain by an iguana (10 damage)
             ... on level 4 of the Dungeon.
             The game lasted 00:07:59 (3124 turns).

TheOvate the Digger (Gargoyle Earth Elementalist)   Turns: 3124, Time: 00:08:00

Health: 0/28       AC:  7    Str: 11    XL:     5   Next: 53%
Magic:  0/10       EV: 17    Int: 17    God:
Gold:   118        SH:  0    Dex: 18    Spells: 10/11 levels left

rFire    . . .     SeeInvis .   a - +1 dagger (speed)
rCold    . . .     Gourm    .   (no shield)
rNeg     + . .     Faith    .   c - +0 robe
rPois    ∞         Spirit   .   f - +0 helmet
rElec    +         Reflect  .   (no cloak)
rCorr    .         Harm     .   (no gloves)
MR       .....                  (no boots)
Stlth    +++.......             (no amulet)
HPRegen  0.09/turn              t - +3 ring of dexterity
MPRegen  0.12/turn              (no ring)

@: agile
A: negative energy resistance 1, electricity resistance, unbreathing,
petrification resistance, rot immunity, AC +4
a: no special abilities


You were on level 4 of the Dungeon.
You were not hungry.

You visited 1 branch of the dungeon, and saw 4 of its levels.

You collected 118 gold pieces.

Inventory:

Hand Weapons
 a - a +1 dagger of speed (weapon)
Missiles
 b - 151 stones (quivered)
Armour
 c - a +0 robe (worn)
 f - a +0 helmet (worn)
Jewellery
 t - a +3 ring of dexterity (left hand)
Wands
 r - a wand of flame (30)
 s - a wand of iceblast (6)
Scrolls
 e - a scroll of identify {unknown}
 h - a scroll of fear {unknown}
 i - a scroll of blinking {unknown}
 j - 2 scrolls of immolation {unknown}
 k - 2 scrolls of magic mapping {unknown}
 m - 2 scrolls of teleportation {unknown}
 p - 2 scrolls of remove curse {unknown}
Potions
 o - 2 potions of degeneration {unknown}
 q - a potion of curing {unknown}
 u - a potion of resistance {unknown}
Comestibles
 d - 7 rations
 g - 6 chunks of flesh


   Skills:
 - Level 1.7 Dodging
 - Level 2.2 Stealth
 - Level 0.2 Unarmed Combat
 + Level 3.6 Spellcasting
   Level 0.7 Transmutations
 + Level 5.8 Earth Magic


You had 10 spell levels left.
You knew the following spells:

 Your Spells              Type           Power        Failure   Level  Hunger
a - Sandblast             Erth           ###...       1%          1    None

Your spell library contained the following spells:

 Spells                   Type           Power        Failure   Level  Hunger
 Passwall                 Tmut/Erth      ##......     6%          2    ##.....
 Stone Arrow              Conj/Erth      ##....       16%         3    ###....
 Petrify                  Tmut/Erth      ##......     38%         4    ####...
 Lee's Rapid Deconstruct  Erth           ###.......   38%         5    ######.


Dungeon Overview and Level Annotations

Branches:
Dungeon (4/15)
 Temple: D:4-7

Altars:
Hepliaklqana
Nemelex Xobeh
Okawaru
Ru

Annotations:
D:1 1 runed translucent door


Innate Abilities, Weirdness & Mutations

You are resistant to torment.
Your stone body is resilient. (AC +4)
You are immune to poison.
You resist negative energy. (rN+)
You are resistant to electric shocks. (rElec)
You can survive without breathing.
You are immune to petrification.
You are immune to rotting.


Message History

The iguana barely misses you.
You barely miss the iguana.
The iguana is heavily wounded.
The iguana misses you.
Casting: Sandblast (safe; 1% risk of failure)
Confirm with . or Enter, or press ? or * to list all spells.
Aiming: Sandblast (safe; 1% risk of failure)
Press: ? - help, Shift-Dir - straight line, f/p - iguana
Aim: an iguana (heavily wounded)
The blast of sand hits the iguana.
The iguana is severely wounded.
b - 151 stones An orc wizard comes into view.
It is wielding a +0 dagger of venom.
The iguana bites you!
You hit the iguana but do no damage.
The iguana is severely wounded.
It was a potion of agility.
You feel agile all of a sudden. The iguana bites you!
You die...

#............#
#............#
##...o......#
#.........#
##......).#
#...##..##
##..###..##
### #..#
##.l## ##.##
#..#
##@.###...#
#..#
##..<...[#
#..# ##......#
#..# #......#
#..# #.......#
#.......#
........#
##.......#
#......##


You could see an iguana and an orc wizard.

Vanquished Creatures
  A hound (D:3)
  An orc wizard (D:4)
  4 adders
  2 worms (D:3)
  5 leopard geckos
  6 orcs (D:3)
  4 bats (D:3)
  5 giant cockroaches
  10 goblins
  8 hobgoblins
  4 jackals (D:1)
  A quokka (D:3)
  6 frilled lizards
  5 kobolds
  3 rats
65 creatures vanquished.

Notes
Turn   | Place    | Note
-------+----------+-------------------------------------------
     0 | D:1      | TheOvate the Gargoyle Earth Elementalist began the quest
                  | for the Orb.
     0 | D:1      | Reached XP level 1. HP: 10/10 MP: 3/3
     3 | D:1      | Found a runed translucent door.
   108 | D:1      | Reached skill level 4 in Earth Magic
   200 | D:1      | Reached XP level 2. HP: 15/15 MP: 5/5
   496 | D:1      | Reached XP level 3. HP: 19/19 MP: 2/6
   759 | D:1      | Found a sparkling altar of Nemelex Xobeh.
   893 | D:2      | You fall into a shaft and drop 1 floor!
  1090 | D:3      | Found an iron altar of Okawaru.
  1097 | D:3      | Found a sacrificial altar of Ru.
  1680 | D:2      | Reached XP level 4. HP: 24/24 MP: 8/8
  1904 | D:3      | Reached skill level 5 in Earth Magic
  1934 | D:3      | Found a hazy altar of Hepliaklqana.
  2717 | D:3      | Reached XP level 5. HP: 20/28 MP: 6/10
  3116 | D:4      | HP: 1/28 [iguana (8)]
  3124 | D:4      | Slain by an iguana

Levels and vault maps discovered:
D:1:      dpeg_arrival_caged_fury, layout_basic, nemelex_diamond_rough_becter
D:2:      layout_loops_corners, first_ration
D:3:      layout_basic, nicolae_overflow_hidden_temple,
          grunt_temple_overflow_open, minmay_misc_feat_chi
D:4:      layout_cave_pods

Skill      XL: |  1  2  3  4 |
---------------+-------------+-----
Earth Magic    | 4 5 |  5.8
Spellcasting   | 3 |  3.6
Dodging        | |  1.7
Stealth        | |  2.2
Unarmed Combat | |  0.2
Transmutations | |  0.7

Action                   |  1- 3 |  4- 6 || total
-------------------------+-------+-------++-------
Melee: Unarmed           |     9 |       ||     9
       Dagger            |    92 |    93 ||   185
 Cast: Sandblast         |    23 |    26 ||    49
  Use: Potion            |       |     2 ||     2
 Stab: Sleeping          |     9 |     5 ||    14
  Eat: Chunk             |     3 |     4 ||     7
Armor: Robe              |    23 |    17 ||    40
Dodge: Dodged            |    47 |    53 ||   100

Table legend:
 A = Non-vault XP
 B = Vault XP
 C = Vault XP percentage of total XP
 D = Non-vault monster count
 E = Vault monster count
 F = Vault count percentage of total count
                 A         B        C        D         E       F
            +---------+---------+-------+---------+---------+-------
      Total |     248 |       0 |   0.0 |      65 |       0 |   0.0
            +---------+---------+-------+---------+---------+-------
        D:1 |      44 |       0 |   0.0 |      25 |       0 |   0.0
        D:2 |      23 |       0 |   0.0 |       6 |       0 |   0.0
        D:3 |     132 |       0 |   0.0 |      32 |       0 |   0.0
        D:4 |      49 |       0 |   0.0 |       2 |       0 |   0.0
            +---------+---------+-------+---------+---------+-------
